 Dungeon Crawl Stone Soup version 0.17.2-1-ge4368a0 (webtiles) character file.

1012 pedritolo the Vexing (level 8, 0/36 HPs)
             Began as a Spriggan Enchanter on Feb 23, 2017.
             Was a Follower of Dithmenos.
             Succumbed to a killer bee's poison
             ... on level 8 of the Dungeon.
             The game lasted 00:11:43 (1471 turns).

pedritolo the Vexing (Spriggan Enchanter)           Turns: 1471, Time: 00:11:44

Health: 0/36       AC:  4    Str:  4    XL:     8   Next: 1%
Magic:  16/16      EV: 21    Int: 17    God:    Dithmenos [*.....]
Gold:   286        SH:  0    Dex: 18    Spells: 4 memorised, 8 levels left

rFire  . . .     SeeInvis +     a - +1 dagger
rCold  . . .     Clarity  .     b - +1 robe
rNeg   . . .     SustAt   .     (shield restricted)
rPois  .         Gourm    .     (helmet restricted)
rElec  .         Spirit   .     g - +0 cloak {+Inv}
rCorr  .         Warding  .     (gloves unavailable)
rMut   .         Stasis   .     (boots unavailable)
MR     +....                    (no amulet)
Stlth  +++++.....               (no ring)
                                (no ring)

@: lethally poisoned (0 -> -13), very slightly contaminated, wreathed by umbra,
very quick, somewhat resistant to hostile enchantments, quite stealthy
A: unfitting armour, see invisible, herbivore 3, speed 3, slow metabolism 2
a: Renounce Religion, Evoke Invisibility


You were on level 8 of the Dungeon.
You worshipped Dithmenos.
Dithmenos was aware of your devotion.
You were not hungry.

You visited 2 branches of the dungeon, and saw 10 of its levels.
You also visited: Ossuary.

You collected 286 gold pieces.

Inventory:

Hand Weapons
 a - a +1 dagger (weapon)
Armour
 b - a +1 robe (worn)
 g - a +0 cloak of invisibility (worn)
Wands
 l - a wand of draining (10)
Scrolls
 e - 2 scrolls of identify {unknown}
 i - a scroll of random uselessness {unknown}
 j - a scroll of amnesia {unknown}
 k - a scroll of noise {unknown}
 m - a scroll of silence {unknown}
 n - a scroll of enchant weapon {unknown}
 o - a scroll of fear {unknown}
 q - 2 scrolls of immolation {unknown}
 s - a scroll of recharging {unknown}
 v - 2 scrolls of remove curse {unknown}
 y - a scroll of blinking {unknown}
Potions
 h - 4 potions of curing {unknown}
 p - a potion of beneficial mutation {unknown}
 r - 2 potions of lignification {unknown}
 t - a potion of poison {unknown}
 u - a potion of flight {unknown}
 w - 3 potions of degeneration {unknown}
 x - a potion of resistance {unknown}
 z - a potion of heal wounds {unknown}
Books
 c - a book of Maledictions

   Spells                             Type                      Level
   a - Corona                         Hexes                        1
   b - Ensorcelled Hibernation        Hexes/Ice                    2
   c - Confuse                        Hexes                        3
   d - Tukima's Dance                 Hexes                        3
   e - Dazzling Spray                 Conjuration/Hexes            3
Miscellaneous
 f - a plain deck of summoning {drawn: 1}
Comestibles
 d - a bread ration


   Skills:
 + Level 2.9 Short Blades
 + Level 5.2 Dodging
 + Level 7.0 Stealth
 + Level 5.2 Spellcasting
 * Level 7.4 Hexes
 + Level 4.4 Evocations


You had 8 spell levels left.
You knew the following spells:

 Your Spells              Type           Power        Failure   Level  Hunger
a - Corona                Hex            ####...      1%          1    None
b - Confuse               Hex            ####....     1%          3    ###....
c - Ensorcelled Hibernat  Hex/Ice        ###...       4%          2    #......
d - Dazzling Spray        Conj/Hex       ###.....     10%         3    ###....


Dungeon Overview and Level Annotations

Branches:
Dungeon (9/15)             Temple (1/1) D:5
   Lair: D:8-11         Orc: D:9-12

Altars:
Ashenzari
Dithmenos
Elyvilon
Fedhas
Gozag
Makhleb
Nemelex Xobeh
Okawaru
Qazlal
Ru
Sif Muna
Trog
Vehumet
Yredelemnul
Zin
The Shining One

Annotations:
D:6 pedritolo's ghost, amateur SpEn


Innate Abilities, Weirdness & Mutations

You are tiny and cannot use many weapons and most armour.
You have supernaturally acute eyesight.
You are a herbivore.
You cover ground extremely quickly.
You need consume almost no food.


Message History

There is a stone staircase leading down here.
Unknown command.
Unknown command.
Unknown command.
The killer bee closely misses you. The killer bee misses you.
The jackal misses you. The jackal barely misses you.
You feel sick.
The jackal bites you but does no damage.
The jackal misses you.
A giant frog comes into view.
The killer bee stings you.
* * * LOW HITPOINT WARNING * * *
You feel sick.
You open the door. The killer bee stings you!
* * * LOW HITPOINT WARNING * * *
You are lethally poisoned!
The killer bee poisons you! The killer bee stings you.
* * * LOW HITPOINT WARNING * * *
The killer bee misses you.
You die...

######## #......#. #
########### #........ ##
#.........# #..+# .#
#.........# ####..#...#
.######.........######.....#
g.#
%...........>...@....'.....#
...
..#####.........######.....# _.
...............yyh....<....# .
.#.........#....yhh..#.###.#
#....###.....F.###.......#.#
#.....#.........#..........+###
#..#.)#$.#...#.$#..#...#......#
#..#######...#######..>......##
..=#.$#..#...#.†#$.#....†#.#..#


You could see a giant frog (wandering) and a killer bee.

Vanquished Creatures
  A yak (D:8)
  A phantom (D:7)
  An ogre (D:8)
  A centaur (D:7)
  A giant frog (D:8)
  2 killer bees (D:8)
  A wight (D:8)
  2 hounds
  A giant frog zombie (D:8)
  2 orc priests (D:5)
  A jelly (D:8)
  An iguana (D:5)
  3 orc wizards
  A worker ant (D:5)
  A hound zombie (D:7)
  A mummy (D:7)
  3 adders
  4 orcs
  3 bats
  A jackal (D:8)
  A quokka zombie (D:5)
  A rat (D:1)
34 creatures vanquished.

Vanquished Creatures (collateral kills)
  8 mummies (Ossuary)
  2 gnoll zombies (Ossuary)
  2 kobold zombies (Ossuary)
  4 orc zombies (Ossuary)
16 creatures vanquished.

Grand Total: 50 creatures vanquished

Notes
Turn   | Place    | Note
--------------------------------------------------------------
     0 | D:1      | pedritolo the Spriggan Enchanter began the quest for the Orb.
     0 | D:1      | Reached XP level 1. HP: 9/9 MP: 5/5
    77 | D:2      | Found a sparkling altar of Nemelex Xobeh.
   129 | D:3      | Noticed an orc priest
   140 | D:3      | Reached XP level 2. HP: 13/13 MP: 4/7
   193 | D:3      | Learned a level 2 spell: Ensorcelled Hibernation
   214 | D:4      | Reached skill level 1 in Evocations
   220 | D:5      | Entered Level 5 of the Dungeon
   245 | D:5      | Reached XP level 3. HP: 16/16 MP: 5/8
   250 | D:5      | Learned a level 3 spell: Confuse
   271 | D:5      | Reached skill level 5 in Stealth
   271 | D:5      | Reached XP level 4. HP: 21/21 MP: 5/9
   274 | D:5      | Reached skill level 5 in Hexes
   336 | D:5      | Found a sacrificial altar of Ru.
   394 | D:5      | Found a staircase to the Ecumenical Temple.
   399 | D:5      | Reached XP level 5. HP: 24/24 MP: 11/11
   404 | D:5      | Learned a level 3 spell: Dazzling Spray
   409 | Temple   | Entered the Ecumenical Temple
   564 | Temple   | Became a worshipper of Dithmenos the Shadowed
   649 | D:6      | Noticed pedritolo's ghost (amateur SpEn)
   804 | D:7      | Noticed a slave
   817 | D:7      | Noticed a phantom
   868 | D:7      | Reached XP level 6. HP: 24/28 MP: 0/13
   962 | D:8      | Reached skill level 6 in Hexes
  1059 | D:8      | Reached XP level 7. HP: 29/32 MP: 11/14
  1071 | D:8      | Found an opulent altar of Gozag.
  1073 | D:8      | Noticed a yak
  1073 | D:8      | Noticed a four-headed hydra
  1076 | D:8      | Killed a yak
  1108 | D:8      | Found a sacrificial altar of Ru.
  1204 | D:7      | Noticed a phantom
  1209 | D:7      | Noticed a centaur
  1213 | D:7      | Killed a phantom
  1213 | D:7      | Reached skill level 5 in Spellcasting
  1213 | D:7      | Reached skill level 7 in Hexes
  1219 | D:7      | Killed a centaur
  1226 | D:7      | Found a sand-covered staircase.
  1235 | Ossuary  | Entered an ossuary
  1258 | Ossuary  | Reached * piety under Dithmenos
  1261 | Ossuary  | Reached skill level 5 in Dodging
  1458 | D:8      | Reached XP level 8. HP: 22/36 MP: 16/16
  1470 | D:8      | HP: 1/36 [killer bee (4)]
  1471 | D:8      | Succumbed to a killer bee's poison

Action                   |  1- 3 |  4- 6 |  7- 9 || total
-------------------------+-------+-------+-------++-------
Melee: Dagger            |    14 |    29 |    29 ||    72
 Cast: Corona            |     2 |       |       ||     2
       Ensorcelled Hiber |     2 |     1 |       ||     3
       Confuse           |       |     9 |     3 ||    12
 Abil: Evoke Invisibilit |     2 |     2 |     2 ||     6
       Turn Visible      |       |     2 |       ||     2
Evoke: Deck              |       |       |     1 ||     1
 Stab: Sleeping          |     5 |    14 |     4 ||    23
       Invisible         |       |     2 |     4 ||     6
       Confused          |       |     2 |     1 ||     3
  Eat: Bread ration      |       |       |     1 ||     1
